 Dungeon Crawl Stone Soup version 0.22-a0-377-g846bec1 (webtiles) character file.

9349 4thArraOfDagon the Geomancer (level 11, -4/113 HPs)
             Began as an Ogre Earth Elementalist on Apr 27, 2018.
             Was a Priest of Sif Muna.
             Slain by a kobold
             ... wielding a +3 scimitar of electrocution
              (16 damage)
             ... on level 9 of the Dungeon.
             The game lasted 00:31:10 (7481 turns).

4thArraOfDagon the Geomancer (OgEE)                 Turns: 7481, Time: 00:31:11

Health: -4/113     AC:  5    Str: 14    XL:     11   Next: 45%
Magic:  14/23      EV: 11    Int: 19    God:    Sif Muna [***...]
Gold:   467        SH:  4    Dex:  7    Spells: 13/27 levels left

rFire    . . .     SeeInvis .   o - +0 flail
rCold    + . .     Gourm    .   (no shield)
rNeg     . . .     Faith    .   c - +0 robe
rPois    .         Spirit   .   w - +2 hat
rElec    .         Reflect  +   (no cloak)
rCorr    .         Harm     .   (gloves unavailable)
MR       +....                  (boots unavailable)
Stlth    +.........             l - +4 amulet of reflection
HPRegen  0.28/turn              f - ring of flight
MPRegen  0.18/turn              (no ring)

@: starving, divine energy
A: large, unfitting armour, clumsy 1, cold resistance 1, tough skin 1
a: Stop Divine Energy, Channel Magic, Renounce Religion, Evoke Flight


You were on level 9 of the Dungeon.
You worshipped Sif Muna.
Sif Muna was most pleased with you.
You were starving.

You visited 1 branch of the dungeon, and saw 9 of its levels.

You collected 467 gold pieces.

Inventory:

Hand Weapons
 o - a +0 flail (weapon)
 H - a +0 giant spiked club
Missiles
 b - 6 stones (quivered)
 e - 2 curare-tipped needles
Armour
 c - a +0 robe (worn)
 p - a +0 leather armour
 w - a +2 hat (worn)
Jewellery
 f - a ring of flight (left hand)
 l - a +4 amulet of reflection (around neck)
Wands
 a - a wand of random effects (26)
 s - a wand of acid (2)
 u - a wand of digging (15)
 D - a wand of scattershot (2)
 G - a wand of enslavement (13)
Scrolls
 j - a scroll of immolation
 k - 10 scrolls of teleportation
 m - a scroll of fear
 n - 2 scrolls of enchant armour {unknown}
 q - 3 scrolls of remove curse
 r - a scroll of vulnerability {unknown}
 y - a scroll of amnesia
 z - a scroll of noise {unknown}
 A - 2 scrolls of enchant weapon {unknown}
 F - a scroll of fog {unknown}
Potions
 g - a potion of agility
 h - a potion of magic
 i - a potion of berserk rage
 t - a potion of lignification
 v - a potion of haste
 x - a potion of brilliance
 B - a potion of ambrosia
 C - a potion of heal wounds
 E - a potion of curing
Comestibles
 d - 10 rations


   Skills:
 + Level 8.7 Fighting
 - Level 6.0 Dodging
 - Level 1.4 Stealth
 + Level 8.6 Spellcasting
 - Level 0.8 Transmutations
 * Level 10.3 Earth Magic
 + Level 8.0 Invocations


You had 13 spell levels left.
You knew the following spells:

 Your Spells              Type           Power        Failure   Level  Hunger
a - Sandblast             Erth           #####.       1%          1    None
b - Lee's Rapid Deconstr  Erth           #####.....   3%          5    #####..
c - Petrify               Tmut/Erth      ####....     9%          4    ###....
d - Stone Arrow           Conj/Erth      ####..       3%          3    None
e - Apportation           Tloc           #.....       9%          1    None


Dungeon Overview and Level Annotations

Branches:
Dungeon (9/15)             Temple (0/1) D:6
   Lair: D:8-11         Orc: D:9-12

Altars:
Dithmenos
Gozag
Qazlal
Sif Muna
Vehumet
Yredelemnul

Shops:
D:4 *   D:7 :


Innate Abilities, Weirdness & Mutations

You are too large for most types of armour.
You have tough skin. (AC +1)
You are clumsy. (Dex -2)
Your flesh is cold resistant. (rC+)


Message History

Casting: Lee's Rapid Deconstruction (safe; 3% risk of failure)
Confirm with . or Enter, or press ? or * to list all spells.
Aiming: Lee's Rapid Deconstruction (safe; 3% risk of failure)
Press: ? - help, Dir - move target cursor The wall shatters!
The blast of rock fragments hits the kobold.
You kill the kobold!
Sif Muna accepts your kill.
The blast of rock fragments hits the basilisk.
You kill the basilisk!
Sif Muna accepts your kill.
Your Invocations skill increases to level 8!
A kobold comes into view. It is wielding a short sword.
Unknown command.
Unknown command.
You are starving!
The kobold hits you with a scimitar of electrocution!
* * * LOW HITPOINT WARNING * * *
You are electrocuted!
You die...

#...........Y#
##.........#..Y.Y
%.%.)......#.$.Y..
###........#..(...
#..........
##...###.....
#...##.##....
########..
#.#.#._.#.#..
#....(....
#.#.......#.#
#@#####...
'.##.....##.+
#K#..... #..## ##..#
#[...Ko #...#####...#
K))†.#
#......##...###.)#..#
#..........Y....|†..#
#.................#.#
#.................#.#
######............# .


You could see 2 kobolds.

Vanquished Creatures
  2 two-headed ogres
  Psyche (D:9)
  2 trolls (D:9)
  2 hornets (D:8)
  2 wyverns
  A basilisk (D:9)
  10 yaks
  3 hogs (D:7)
  A human (D:7)
  2 hungry ghosts
  Menkaure (D:6)
  2 orc warriors (D:9)
  An ice beast (D:9)
  A black bear (D:7)
  2 sky beasts
  6 centaurs
  4 ogres
  3 phantoms (D:8)
  3 big kobolds (D:9)
  4 bullfrogs
  2 scorpions
  5 killer bees
  5 howler monkeys
  3 bullfrog zombies
  3 crimson imps
  4 orc priests
  5 hounds
  A jelly (D:5)
  A centaur skeleton (D:9)
  An iguana (D:5)
  Natasha (thrice) (D:2)
  4 worker ants
  3 bullfrog skeletons
  8 orc wizards
  A killer bee zombie (D:8)
  A hound zombie (D:9)
  A hound skeleton (D:6)
  A howler monkey skeleton (D:7)
  7 gnolls
  9 adders
  2 shadow imps
  An ooze (D:5)
  An adder skeleton (D:5)
  3 worms
  4 dart slugs
  7 leopard geckos
  34 orcs
  4 giant cockroaches
  8 goblins
  8 hobgoblins
  8 jackals
  3 quokkas
  8 bats
  9 frilled lizards
  2 gnoll zombies (D:4)
  12 kobolds
  2 leopard gecko skeletons
  8 rats
245 creatures vanquished.

Vanquished Creatures (others)
  A centaur (D:8)
1 creature vanquished.

Grand Total: 246 creatures vanquished

Notes
Turn   | Place    | Note
-------+----------+-------------------------------------------
     0 | D:1      | 4thArraOfDagon the Ogre Earth Elementalist began the quest for the Orb.
     0 | D:1      | Reached XP level 1. HP: 16/16 MP: 3/3
     2 | D:1      | Thaneod: pokazuj
     9 | D:1      | 4thArraOfDagon: pokazuje
     9 | D:1      | 4thArraOfDagon: patrz
   195 | D:1      | Reached skill level 3 in Earth Magic
   211 | D:1      | Reached XP level 2. HP: 24/24 MP: 3/5
   309 | D:2      | Reached XP level 3. HP: 21/31 MP: 2/7
   401 | D:3      | Found a deep blue altar of Sif Muna.
   403 | D:3      | 4thArraOfDagon: moze sif mune?
   409 | D:3      | Became a worshipper of Sif Muna the Loreminder
   528 | D:2      | Noticed Natasha
   535 | D:2      | Killed Natasha
   535 | D:2      | Reached XP level 4. HP: 39/39 MP: 3/8
   595 | D:2      | Reached skill level 1 in Invocations
   631 | D:2      | Reached skill level 4 in Earth Magic
   661 | D:2      | Noticed Natasha
   669 | D:2      | Killed Natasha
   672 | D:2      | Noticed Natasha
   678 | D:2      | Killed Natasha
   678 | D:2      | Reached XP level 5. HP: 32/45 MP: 2/10
   688 | D:1      | Thaneod: nie wyrobisz sie z zarciem
  1350 | D:2      | 4thArraOfDagon: wlasnie niewiem
  1350 | D:2      | 4thArraOfDagon: chyba starczy
  1350 | D:2      | 4thArraOfDagon: jak bede zarl zwloki
  1350 | D:2      | 4thArraOfDagon: ;p
  1858 | D:3      | Reached XP level 6. HP: 51/53 MP: 8/12
  1969 | D:3      | Reached * piety under Sif Muna
  2062 | D:3      | Found a stormy altar of Qazlal.
  2063 | D:3      | Noticed a sky beast
  2067 | D:3      | Killed a sky beast
  2067 | D:3      | Reached skill level 5 in Earth Magic
  2069 | D:3      | Found an opulent altar of Gozag.
  2261 | D:3      | Learned a level 5 spell: Lee's Rapid Deconstruction
  2261 | D:3      | Thaneod: trudne sprawy...
  2271 | D:3      | 4thArraOfDagon: taaa
  2381 | D:3      | 4thArraOfDagon: jerry!, jerry!, jerry!
  2488 | D:4      | Found an opulent altar of Gozag.
  2488 | D:4      | Found Gozag's Platinum Reserve.
  2571 | D:4      | Reached XP level 7. HP: 45/61 MP: 10/13
  2589 | D:4      | Reached skill level 1 in Fighting
  2802 | D:4      | Found a basalt altar of Yredelemnul.
  3115 | D:4      | Gained mutation: You tend to lose your temper in combat. [potion of mutation]
  3115 | D:4      | Gained mutation: You have sharp toenails. [potion of mutation]
  3115 | D:4      | Gained mutation: You expend magic power (3 MP) to strengthen your wands. [potion of mutation]
  3115 | D:4      | Gained mutation: You are partially covered in yellow scales. (AC +2) [potion of mutation]
  3236 | D:4      | Learned a level 4 spell: Petrify
  3240 | D:4      | Learned a level 3 spell: Stone Arrow
  3241 | D:5      | Entered Level 5 of the Dungeon
  3428 | D:5      | Identified the +2 pair of gloves of Foavonixt {Int+4 Dex+2} (You found it on level 5 of the Dungeon)
  3503 | D:5      | Reached skill level 5 in Spellcasting
  3701 | D:5      | Lost mutation: You are partially covered in yellow scales. (AC +2) [potion of mutation]
  3701 | D:5      | Lost mutation: You have sharp toenails. [potion of mutation]
  3701 | D:5      | Lost mutation: You tend to lose your temper in combat. [potion of mutation]
  3701 | D:5      | Gained mutation: You do not regenerate when monsters are visible. [potion of mutation]
  3701 | D:5      | Gained mutation: You passively map a small area around you. [potion of mutation]
  3701 | D:5      | Gained mutation: Your muscles are strong. (Str +2) [potion of mutation]
  3708 | D:5      | Lost mutation: Your muscles are strong. (Str +2) [potion of mutation]
  3708 | D:5      | Lost mutation: You expend magic power (3 MP) to strengthen your wands. [potion of mutation]
  3708 | D:5      | Lost mutation: You passively map a small area around you. [potion of mutation]
  3708 | D:5      | Lost mutation: You do not regenerate when monsters are visible. [potion of mutation]
  3708 | D:5      | Gained mutation: Your spells are a little easier to cast, but a little less powerful. [potion of mutation]
  3708 | D:5      | Gained mutation: Your system is resistant to poisons. (rPois) [potion of mutation]
  3827 | D:5      | Reached ** piety under Sif Muna
  3827 | D:5      | Reached skill level 6 in Earth Magic
  3863 | D:6      | Reached XP level 8. HP: 36/74 MP: 10/15
  4381 | D:6      | Found a staircase to the Ecumenical Temple.
  4390 | D:6      | Noticed Menkaure
  4393 | D:6      | Killed Menkaure
  4873 | D:7      | Noticed a yak
  4900 | D:7      | Reached skill level 7 in Earth Magic
  4906 | D:7      | Reached XP level 9. HP: 63/85 MP: 0/17
  4912 | D:7      | Reached skill level 5 in Invocations
  5068 | D:7      | Reached skill level 5 in Fighting
  5127 | D:7      | Reached *** piety under Sif Muna
  5292 | D:7      | Found Mogiss's Book Shoppe.
  5453 | D:7      | Found a radiant altar of Vehumet.
  5928 | D:8      | Noticed a hornet
  5941 | D:8      | Killed a hornet
  5941 | D:8      | Reached skill level 8 in Earth Magic
  6260 | D:9      | Noticed Psyche
  6319 | D:8      | Reached XP level 10. HP: 68/98 MP: 13/20
  6431 | D:8      | Reached skill level 5 in Dodging
  6451 | D:8      | Noticed a two-headed ogre
  6976 | D:9      | Killed Psyche
  6976 | D:9      | Reached skill level 9 in Earth Magic
  7003 | D:9      | Lost mutation: Your spells are a little easier to cast, but a little less powerful. [potion of mutation]
  7003 | D:9      | Lost mutation: Your system is resistant to poisons. (rPois) [potion of mutation]
  7003 | D:9      | Gained mutation: Your mind is acute. (Int +2) [potion of mutation]
  7003 | D:9      | Lost mutation: Your mind is acute. (Int +2) [potion of mutation]
  7003 | D:9      | Gained mutation: You are clumsy. (Dex -2) [potion of mutation]
  7003 | D:9      | Gained mutation: Your flesh is cold resistant. (rC+) [potion of mutation]
  7034 | D:9      | Noticed a two-headed ogre
  7040 | D:9      | Killed a two-headed ogre
  7063 | D:9      | Noticed a manticore
  7228 | D:8      | Learned a level 1 spell: Apportation
  7229 | D:9      | Noticed a two-headed ogre
  7299 | D:8      | Killed a two-headed ogre
  7299 | D:8      | Reached XP level 11. HP: 95/111 MP: 0/23
  7386 | D:9      | Found a shadowy altar of Dithmenos.
  7398 | D:9      | Reached skill level 10 in Earth Magic
  7444 | D:9      | Vajrapani: smooth play
  7481 | D:9      | Slain by a kobold

Vault maps used:
D:1:      minmay_arrival_widening_spiral_wide
D:2:      first_ration, uniq_natasha
D:3:      overflow_temple_1_default, amethyst_overflow_temple_binary
D:4:      lemuel_zombie_altar_yredelemnul, kennysheep_nub,
          nicolae_gozag_zags_fifth_avenue
D:5:      minmay_misc_feat_diagonals
D:6:      minmay_temple_entry_grid, uniq_menkaure
D:7:      lemuel_crystal_altar, serial_shops, kennysheep_mini, grunt_livestock,
          hex_medium
D:9:      minmay_the_grid_square_5x5_4x4,
          nicolae_dithmenos_through_a_glass_darkly, minmay_bent, uniq_psyche

Skill      XL: |  1  2  3  4  5  6  7  8  9 10 11 |
---------------+----------------------------------+-----
Earth Magic    | 3 4 5 6 7 8 9 10 | 10.3
Spellcasting   | 3 4 5 6 8 |  8.6
Invocations    | 1 2 3 4 6 7 8 |  8.0
Fighting       | 2 4 6 8 |  8.7
Dodging        | 2 3 4 5 6 |  6.0
Stealth        | |  1.4
Transmutations | |  0.8

Action                   |  1- 3 |  4- 6 |  7- 9 | 10-12 || total
-------------------------+-------+-------+-------+-------++-------
Melee: Unarmed           |     7 |       |       |       ||     7
       Mace              |    27 |   149 |       |       ||   176
       Flail             |       |       |   213 |    10 ||   223
       Kick              |       |       |     3 |       ||     3
 Cast: Sandblast         |    23 |    38 |    99 |    70 ||   230
       Lee's Rapid Decon |       |       |    26 |    48 ||    74
       Petrify           |       |       |     2 |     4 ||     6
Invok: Divine Energy     |       |     1 |       |       ||     1
       Channel Magic     |       |       |     2 |    12 ||    14
Evoke: Wand              |       |       |     3 |       ||     3
  Use: Scroll            |       |       |    17 |     2 ||    19
       Potion            |       |       |     4 |     2 ||     6
 Stab: Sleeping          |     1 |     3 |     1 |       ||     5
  Eat: Chunk             |       |     6 |    18 |    16 ||    40
       Ration            |       |       |     1 |     1 ||     2
Armor: Robe              |    34 |    54 |    57 |    14 ||   159
       Skin              |       |       |    27 |       ||    27
Dodge: Dodged            |    30 |   103 |   146 |    68 ||   347
Block: Other             |       |       |    38 |    20 ||    58
       Reflection        |       |       |       |     2 ||     2

Table legend:
 A = Spawn XP
 B = Non-spawn XP
 C = Spawn XP percentage of total XP
 D = Spawn monster count
 E = Non-spawn monster count
 F = Spawn count percentage of total count
 G = Total turns spent on level
                    A         B        C        D         E        F      G
               +---------+---------+-------+---------+---------+-------+---------
         Total |       0 |   13357 |   0.0 |       0 |     246 |   0.0 |  7481
               +---------+---------+-------+---------+---------+-------+---------
           D:1 |       0 |      42 |   0.0 |       0 |      27 |   0.0 |   883
           D:2 |       0 |     195 |   0.0 |       0 |      23 |   0.0 |   674
           D:3 |       0 |     262 |   0.0 |       0 |      24 |   0.0 |   931
           D:4 |       0 |     404 |   0.0 |       0 |      23 |   0.0 |   753
           D:5 |       0 |     270 |   0.0 |       0 |      13 |   0.0 |   607
           D:6 |       0 |     644 |   0.0 |       0 |      13 |   0.0 |   891
           D:7 |       0 |    1938 |   0.0 |       0 |      37 |   0.0 |  1338
           D:8 |       0 |    3266 |   0.0 |       0 |      30 |   0.0 |  1183
           D:9 |       0 |    6336 |   0.0 |       0 |      56 |   0.0 |   221
               +---------+---------+-------+---------+---------+-------+---------
